 Dungeon Crawl Stone Soup version 0.29.1-12-g30fa7ad0bf (webtiles) character file.

Game seed: 3846701376955354833

13353 croobank the Destroyer (level 11, -1/86 HPs)
             Began as a Demonspawn Conjurer on Dec 28, 2022.
             Was an Initiate of Gozag.
             Slain by a seven-headed hydra (14 damage)
             ... on level 3 of the Lair of Beasts.
             The game lasted 00:57:18 (15485 turns).

croobank the Destroyer (Demonspawn Conjurer)       Turns: 15485, Time: 00:57:18

Health: -1/86      AC:  9    Str: 13    XL:     11   Next: 74%
Magic:  15/22      EV: 17    Int: 28    God:    Gozag
Gold:   1561       SH:  4    Dex: 14    Spells: 15/24 levels left

rFire   + + .      SeeInvis .   z - +2 short sword (freeze)
rCold   + + .      Faith    .   (no shield)
rNeg    . . .      Spirit   .   J - +2 robe "Miucu" {rElec rF+}
rPois   .          Reflect  .   (no helmet)
rElec   +          Harm     .   n - scarf {rC+ rF+}
rCorr   .          Rampage  .   (no gloves)
Will    .....                   L - +0 pair of boots
Stlth   ++++......              P - amulet of regeneration
HPRegen 1.04/turn               G - ring "Vuwuetoo" {Int+6 Dex+4}
MPRegen 0.36/turn               p - ring of protection from cold

@: very slightly contaminated
A: hooves 1, repulsion field 1, icemail 1, magic regeneration, condensation
shield, strong 1, subdued magic 1, MP-powered wands
a: Renounce Religion, Potion Petition, Call Merchant, Bribe Branch


You were on level 3 of the Lair of Beasts.
You worshipped Gozag.
Gozag was most pleased with you.
You visited 3 branches of the dungeon, and saw 12 of its levels.

You collected 1902 gold pieces.
You paid 341 gold pieces to Gozag.

Inventory:

Hand Weapons
 g - a +0 dagger
 h - a +0 hand axe
 i - a +0 short sword
 j - a +0 quarterstaff
 s - a +1 whip of venom
 z - a +2 short sword of freezing (weapon)
 C - a +0 morningstar
 I - a +0 arbalest
Missiles
 f - 25 poisoned darts
 o - 11 curare-tipped darts
 r - 9 boomerangs
 B - 4 atropa-tipped darts
Armour
 b - a +1 buckler
 n - a scarf of resistance (worn)
 J - the +2 robe "Miucu" (worn) {rElec rF+}
   (You found it on level 8 of the Dungeon)

   rF:        It protects you from fire.
   rElec:     It insulates you from electricity.
 L - a +0 pair of boots (worn)
 N - +0 steam dragon scales
Jewellery
 e - a ring of see invisible
 p - a ring of protection from cold (right hand)
 y - the amulet of Elemental Vulnerability {rPois rF-- rC-- AC+8}
   (You found it on level 5 of the Dungeon)

   [amulet of nothing]

   AC:        It affects your AC (+8).
   rF:        It makes you very vulnerable to fire.
   rC:        It makes you very vulnerable to cold.
   rPois:     It protects you from poison.
 G - the ring "Vuwuetoo" (left hand) {Int+6 Dex+4}
   (You acquired it on level 7 of the Dungeon)

   [ring of intelligence]

   Int:       It affects your intelligence (+6).
   Dex:       It affects your dexterity (+4).
 H - a ring of resist corrosion
 P - an amulet of regeneration (around neck)
Wands
 c - a wand of flame (20)
 k - a wand of polymorph (5)
 M - a wand of iceblast (12)
 O - a wand of digging (3)
Scrolls
 d - 3 scrolls of teleportation
 q - a scroll of identify
 w - 2 scrolls of enchant armour
 Q - a scroll of immolation
Potions
 a - a potion of resistance
 l - 2 potions of degeneration {unknown}
 m - 3 potions of mutation
 t - 2 potions of curing
 u - a potion of heal wounds
 v - a potion of cancellation
 x - 2 potions of brilliance
 A - 2 potions of flight
 D - a potion of berserk rage {unknown}
 E - 2 potions of haste {unknown}
 F - a potion of ambrosia
 K - a potion of attraction {unknown}


   Skills:
 + Level 8.0 Fighting
 + Level 7.3 Dodging
 + Level 8.0 Stealth
 * Level 5.3 Shields
 + Level 7.4 Spellcasting
 + Level 8.7 Conjurations
 - Level 5.0 Hexes


You had 15 spell levels left.
You knew the following spells:

 Your Spells              Type           Power      Damage    Failure   Level
a - Magic Dart            Conj           100%       1d8       1%          1
b - Searing Ray           Conj           90%        2d7       1%          2
c - Dazzling Flash        Conj/Hex       74%        N/A       1%          3
d - Summon Guardian Gole  Hex/Summ       18%        N/A       4%          3

Your spell library contained the following spells:

 Spells                   Type           Power      Damage    Failure   Level
 Stone Arrow              Conj/Erth      52%        3d10      1%          3
 Fulminant Prism          Conj/Hex       18%        3d11      2%          4
 Sting                    Tmut/Pois      32%        1d4       4%          1
 Poisonous Vapours        Pois/Air       16%        N/A       6%          2
 Iskenderun's Mystic Bla  Conj/Tloc      26%        2d7       7%          4
 Call Canine Familiar     Summ           8%         N/A       13%         3
 Olgreb's Toxic Radiance  Pois           8%         N/A       41%         4
 Summon Ice Beast         Ice/Summ       8%         N/A       41%         4
 Summon Lightning Spire   Summ/Air       8%         N/A       41%         4
 Haunt                    Necr/Summ      4%         N/A       100%        7
 Malign Gateway           Summ/Tloc      4%         N/A       100%        7
 Ozocubu's Refrigeration  Ice            4%         4d8       100%        7
 Spellforged Servitor     Conj/Summ      13%        N/A       100%        7
 Ignition                 Fire           4%         3d4       100%        8


Dungeon Overview and Level Annotations

Branches:
Dungeon (8/15)             Temple (1/1) D:4            Lair (3/5) D:8
  Swamp: Lair:2-3    Shoals: Lair:2-3     Snake: Lair:2-3    Spider: Lair:2-3

Altars:
Ashenzari
Cheibriados
Dithmenos
Fedhas
Gozag
Hepliaklqana
Kikubaaqudgha
Makhleb
Nemelex Xobeh
Okawaru
Qazlal
Sif Muna
Trog
Uskayaw
Vehumet
Wu Jian
Xom
Yredelemnul

Shops:
D:1 (!*   D:5 [

Annotations:
D:3 1 runed translucent door, Crazy Yiuf
D:7 exclusion: downstairs
D:8 3 runed translucent doors, lmSkywalker's ghost, novice HOMo
Lair:1 Harold


Innate Abilities, Weirdness & Mutations

You have large cloven feet.
You are surrounded by a mild repulsion field. (EV +2)
A meltable icy envelope protects you from harm. (AC +4)
You regenerate magic rapidly.
A meltable shield of frost defends you. (SH +4)
Your muscles are strong. (Str +4, Int/Dex -1)
Your spells are a little easier to cast, but a little less powerful.
You expend magic power (3 MP) to strengthen your wands.


Message History

The seven-headed hydra barely misses you.
The seven-headed hydra bites you!
The seven-headed hydra attacks as you move away!
You block the seven-headed hydra's attack.
The seven-headed hydra closely misses you.
The seven-headed hydra bites you but does no damage. x2
The seven-headed hydra bites you!
The seven-headed hydra barely misses you.
You block the seven-headed hydra's attack.
Casting: Summon Guardian Golem (mildly dangerous; 4% risk of failure)
Confirm with . or Enter, or press ? or * to list all spells.
Aiming: Searing Ray (safe; 1% risk of failure)
Press: ? - help, Shift-Dir - straight line, f/p - seven-headed hydra
Aim: a seven-headed hydra (ally target, 94% to hit)
The searing ray hits the seven-headed hydra!
The seven-headed hydra is lightly wounded. (Press . to maintain the ray.)
The seven-headed hydra closely misses you.
The seven-headed hydra bites you. x2
The seven-headed hydra closely misses you.
The seven-headed hydra bites you! The seven-headed hydra bites you. x2
The searing ray hits the seven-headed hydra!
The seven-headed hydra is moderately wounded.
The seven-headed hydra completely misses you.
The seven-headed hydra bites you.
The seven-headed hydra bites you but does no damage.
The seven-headed hydra closely misses you.
The seven-headed hydra bites you!
The seven-headed hydra bites you but does no damage. x2
The searing ray hits the seven-headed hydra!
The seven-headed hydra is heavily wounded.
The seven-headed hydra bites you!
* * * LOW HITPOINT WARNING * * *
The seven-headed hydra bites you!
* * * LOW HITPOINT WARNING * * *
The seven-headed hydra completely misses you.
The seven-headed hydra barely misses you. x2
The seven-headed hydra misses you. The seven-headed hydra bites you!
You die...
Your body crumbles into a pile of gold.

#...............
#..............
#.............
##............. #
#....<.........
##.##...♣....♣♣♣♣
#P..##.♣♣♣.♣♣♣
###.....♣.♣♣♣♣
#.......@D≈♣.♣♣
#.........9~..♣♣
........♣~~≈§..♣
#.......♣~~~~.§♣
##......♣~≈~~♣§♣
##.....♣~~≈≈♣§§§
##....♣≈≈~≈♣ §§§
#....♣≈≈≈♣♣ ♣♣§.~
#P...♣♣♣♣♣ ♣♣♣


You could see a seven-headed hydra (ally target) and a friendly guardian golem
(summoned).

Vanquished Creatures
  Pikel (D:8)
  Maurice (D:8)
  A torpor snail (Lair:2)
  Maggie (D:8)
  7 cane toads
  2 rime drakes
  2 komodo dragons
  A polar bear (Lair:2)
  A troll (D:7)
  9 blink frogs
  Sigmund (D:3)
  A wyvern (Lair:1)
  4 basilisks
  5 yaks
  2 swamp worms (Lair:3)
  4 water moccasins
  3 black bears
  An ice beast (D:7)
  4 ogres
  3 centaurs
  2 kobold brigands
  8 bullfrogs
  2 scorpions
  11 killer bees (D:8)
  An electric eel (Lair:2)
  A jelly (D:5)
  A gnoll bouda (D:7)
  An orc priest (D:3)
  6 hounds
  3 iguanas
  2 orc wizards
  10 adders
  3 gnolls
  2 white imps
  An ufetubus (D:6)
  3 worms
  2 dart slugs (D:2)
  17 orcs
  11 ball pythons
  7 bats
  4 endoplasms
  A giant cockroach (D:2)
  7 goblins
  9 hobgoblins
  5 jackals
  3 quokkas
  6 frilled lizards
  10 kobolds
  7 rats
  A fire vortex (Lair:2)
201 creatures vanquished.

Vanquished Creatures (others)
  A hydra (Lair:1)
  A komodo dragon (Lair:2)
  5 yaks
  4 wolves (Lair:1)
  3 fungi
  27 plants
41 creatures vanquished.

Grand Total: 242 creatures vanquished

Notes
Turn   | Place    | Note
-------+----------+-------------------------------------------
     0 | D:1      | croobank the Demonspawn Conjurer began the quest for the
                  | Orb.
     0 | D:1      | Reached XP level 1. HP: 13/13 MP: 3/3
    25 | D:1      | Found Maoj's Distillery.
   238 | D:1      | Gained mutation: You regenerate magic rapidly. [demonic
                  | ancestry]
   238 | D:1      | Reached XP level 2. HP: 19/19 MP: 1/5
   241 | D:1      | Learned a level 2 spell: Searing Ray
   469 | D:1      | Found Weubee's Weapon Emporium.
   945 | D:1      | Reached XP level 3. HP: 25/25 MP: 3/6
  1066 | D:1      | Found Lytuit's Assorted Antiques.
  1202 | D:2      | Reached skill level 1 in Fighting
  1471 | D:2      | Found a faded altar of an unknown god.
  1497 | D:2      | Gained mutation: A meltable shield of frost defends you.
                  | (SH +4) [demonic ancestry]
  1497 | D:2      | Reached XP level 4. HP: 32/32 MP: 3/7
  2201 | D:4      | Noticed a scorpion
  2263 | D:3      | Noticed Sigmund
  2277 | D:4      | Gained mutation: Your spells are a little easier to cast,
                  | but a little less powerful. [potion of mutation]
  2277 | D:4      | Gained mutation: You expend magic power (3 MP) to
                  | strengthen your wands. [potion of mutation]
  2277 | D:4      | Gained mutation: Your muscles are strong. (Str +4, Int/Dex
                  | -1) [potion of mutation]
  2287 | D:4      | Killed a scorpion
  2288 | D:4      | Reached XP level 5. HP: 23/38 MP: 4/9
  2578 | D:4      | Noticed a black bear
  2588 | D:4      | Killed a black bear
  2637 | D:4      | Identified a scroll of acquirement
  2637 | D:4      | Acquired Niffeota's Octavo of the Retinue
  2647 | D:4      | Found a staircase to the Ecumenical Temple.
  2650 | D:4      | Found a radiant altar of Vehumet.
  2655 | Temple   | Entered the Ecumenical Temple
  2660 | Temple   | Became a worshipper of Gozag Ym Sagoz the Greedy
  2812 | D:4      | Noticed an ogre
  2817 | D:4      | Killed an ogre
  2818 | D:4      | Gained mutation: You are surrounded by a mild repulsion
                  | field. (EV +2) [demonic ancestry]
  2818 | D:4      | Reached XP level 6. HP: 47/47 MP: 4/10
  2890 | D:4      | Learned a level 3 spell: Dazzling Flash
  3123 | D:4      | You fall into a shaft and drop 3 floors!
  3134 | D:7      | Noticed an ice beast
  3149 | D:7      | Killed an ice beast
  3150 | D:7      | Reached skill level 5 in Conjurations
  3150 | D:7      | Reached skill level 1 in Hexes
  3150 | D:7      | Reached XP level 7. HP: 38/52 MP: 1/12
  3566 | D:5      | Entered Level 5 of the Dungeon
  3603 | D:5      | Found a burning altar of Makhleb.
  4484 | D:5      | Found Siefaoray's Antique Armour Emporium.
  4582 | D:5      | Found the amulet of Elemental Vulnerability {rPois rF--
                  | rC-- AC+8}
  5170 | D:7      | Reached XP level 8. HP: 29/60 MP: 7/14
  5750 | D:6      | Found a bloodstained altar of Trog.
  6408 | D:6      | Found a radiant altar of Vehumet.
  6436 | D:6      | Found a snail-covered altar of Cheibriados.
  6439 | D:6      | Found a shimmering blue altar of Sif Muna.
  6439 | D:6      | Found a shadowy altar of Dithmenos.
  6439 | D:6      | Found a shimmering altar of Xom.
  6470 | D:7      | Noticed a troll
  6999 | D:8      | Noticed Maggie
  7078 | D:7      | Killed a troll
  7471 | D:7      | Reached skill level 5 in Fighting
  7471 | D:7      | Reached skill level 5 in Stealth
  7557 | D:7      | Acquired the ring "Vuwuetoo" {Int+6 Dex+4}
  7617 | D:8      | Noticed a white ugly thing
  7617 | D:8      | Found a runed translucent gate.
  7617 | D:8      | Found an opulent altar of Gozag.
  7617 | D:8      | Found a runed translucent gate.
  7617 | D:8      | Found a runed translucent gate.
  7618 | D:8      | Noticed lmSkywalker's ghost (novice HOMo)
  7618 | D:8      | Noticed a white ugly thing
  7633 | D:8      | Noticed Maurice
  7709 | D:8      | Killed Maurice
  7710 | D:8      | Reached skill level 5 in Spellcasting
  7710 | D:8      | Reached XP level 9. HP: 47/68 MP: 6/16
  7827 | D:8      | Identified the +2 robe "Miucu" {rElec rF+}
  8181 | D:8      | Reached skill level 5 in Dodging
  8333 | D:8      | Noticed a two-headed ogre
  8472 | D:3      | Killed Sigmund
  9113 | D:3      | Found a runed translucent door.
  9114 | D:3      | Noticed Crazy Yiuf
  9441 | D:8      | Killed Maggie
  9762 | D:8      | Noticed Pikel
  9777 | D:8      | Killed Pikel
 10070 | D:8      | HP: 2/69 [two-headed ogre/+0 giant club (16)]
 10440 | D:8      | Found a staircase to the Lair.
 10646 | Lair:1   | Entered Level 1 of the Lair of Beasts
 10708 | Lair:1   | Gained mutation: A meltable icy envelope protects you from
                  | harm. (AC +4) [demonic ancestry]
 10708 | Lair:1   | Reached XP level 10. HP: 41/76 MP: 10/18
 10913 | Lair:1   | Reached skill level 5 in Hexes
 11325 | Lair:1   | Noticed a cane toad
 11430 | Lair:1   | Noticed a cane toad
 11432 | Lair:1   | Killed a cane toad
 11503 | Lair:1   | Killed a cane toad
 12015 | Lair:2   | Noticed a cane toad
 12025 | Lair:2   | Killed a cane toad
 12100 | Lair:2   | Learned a level 3 spell: Summon Guardian Golem
 12144 | Lair:1   | Reached skill level 1 in Shields
 12540 | Lair:1   | Noticed a cane toad
 12552 | Lair:1   | Killed a cane toad
 12554 | Lair:1   | Noticed a seven-headed hydra
 12567 | Lair:1   | Killed a seven-headed hydra
 12785 | Lair:1   | Gained mutation: You have large cloven feet. [demonic
                  | ancestry]
 12785 | Lair:1   | Reached XP level 11. HP: 23/84 MP: 0/21
 13281 | Lair:1   | Noticed Harold
 13648 | Lair:2   | Got Semaeju's Tractate on the Destructive Gathering
 13657 | Lair:2   | Identified the +6 long sword of the Smoking Oracle
                  | {protect, *Noise rF+++ rN++ Int-5}
 14550 | Lair:2   | Reached skill level 5 in Shields
 15475 | Lair:3   | Noticed a seven-headed hydra
 15485 | Lair:3   | Slain by a seven-headed hydra

Illustrated notes

Levels and vault maps discovered:
D:1:      dpeg_arrival_arbitrary_c, layout_basic, serial_shops,
          nicolae_square_shop, nicolae_shop_window_shopping, shop,
          minmay_pentomino_o2
D:2:      layout_loops_ring, shapermc_ecumenical_altar_venn
D:3:      layout_loops_ring, uniq_crazy_yiuf_cottage, uniq_sigmund
D:4:      layout_rooms, overflow_temple_1_default, minmay_temple_entry_glass,
          serial_bayou_lake_a
D:5:      layout_cave_pools, makhleb_heckhound_becter, serial_shops,
          nicolae_square_shop, guppyfry_early_lair_pool
D:6:      layout_basic, lemuel_round_altar, doesnt_xom_only_xom, serial_rivers,
          chequers_serial_rivers_room_a, chequers_serial_rivers_micro_c,
          chequers_serial_rivers_micro_e, chequers_serial_rivers_small_b,
          chequers_serial_rivers_small_a, nicolae_ossuary_entry_plus
D:7:      layout_loops_ring
D:8:      layout_basic, lair_entry_dummy, ebering_ghost_gozag, uniq_maurice,
          uniq_maggie, uniq_pikel
Temple:   minmay_freezing_vapour_temple
Lair:1:   layout_cave_pods, grunt_megastairs_4, uniq_harold
Lair:2:   layout_gridlike, st_stairs_5, lemuel_old_faithful,
          serial_bayou_shore_a
Lair:3:   layout_cave_pods, palyth_hydra_swamp_entry, dummy_spider_entry,
          beast_lair_carwin_6

Skill      XL: |  1  2  3  4  5  6  7  8  9 10 11 |
---------------+----------------------------------+-----
Stealth        | 2 3 4 5 6 7 8 |  8.0
Dodging        | 2 3 4 5 6 7 |  7.3
Fighting       | 1 2 3 4 5 6 7 8 |  8.0
Spellcasting   | 3 4 5 6 7 |  7.4
Conjurations   | 5 6 7 8 |  8.7
Hexes          | 1 2 3 4 5 |  5.0
Shields        | 3 5 |  5.3

Action                   |  1- 3 |  4- 6 |  7- 9 | 10-12 || total
-------------------------+-------+-------+-------+-------++-------
Melee: Dagger            |     5 |    12 |    58 |       ||    75
       Punch             |       |       |     3 |       ||     3
       Short sword       |       |       |    57 |    74 ||   131
 Fire: Arbalest          |       |       |    54 |     9 ||    63
 Cast: Magic Dart        |    54 |    40 |    63 |    66 ||   223
       Searing Ray       |    13 |    21 |    73 |    95 ||   202
       Dazzling Flash    |       |       |    62 |    34 ||    96
       Summon Guardian G |       |       |       |    12 ||    12
Invok: Potion Petition   |       |       |       |     1 ||     1
  Use: Potion            |     1 |     2 |     4 |     2 ||     9
       Scroll            |       |     7 |     8 |    14 ||    29
 Stab: Invisible         |       |       |    17 |     6 ||    23
       Sleeping          |       |       |     2 |     1 ||     3
Armor: Robe              |       |     4 |    75 |    75 ||   154
Dodge: Dodged            |    10 |    28 |   405 |   272 ||   715
Block: Other             |       |     4 |    83 |    56 ||   143
